 Dungeon Crawl Stone Soup version 0.24.0-125-gc4c63601f3 (webtiles) character file.

Game seed: 13130088853342506089, levelgen mode: deterministic

121 Johnny the Poker (level 4, -2/54 HPs)
             Began as a Demigod Gladiator on Feb 23, 2020.
             Slain by Crazy Yiuf
             ... wielding a +4 quarterstaff of chaos
              (4 damage)
             ... on level 2 of the Dungeon.
             The game lasted 00:01:20 (1618 turns).

Johnny the Poker (Demigod Gladiator)                Turns: 1618, Time: 00:01:22

Health: -2/54      AC: 22    Str: 19    XL:     4   Next: 49%
Magic:  6/6        EV:  2    Int: 12    God:
Gold:   85         SH:  0    Dex: 17    Spells: 3/3 levels left

rFire    . . .     SeeInvis .   a - +0 trident
rCold    . . .     Gourm    .   (no shield)
rNeg     + + +     Faith    .   (armour currently unavailable)
rPois    +         Spirit   .   (helmet currently unavailable)
rElec    .         Reflect  .   (cloak currently unavailable)
rCorr    .         Harm     .   (gloves currently unavailable)
MR       .....     NoTele   +   (boots currently unavailable)
Stlth    ++........             (no amulet)
HPRegen  0.18/turn              n - ring of teleportation (curse)
MPRegen  0.10/turn              (no ring)

@: lethally poisoned (-2 -> -4), tree-form
A: high mp 1
a: no special abilities


You were on level 2 of the Dungeon.
You were hungry.
You were a tree.
You visited 1 branch of the dungeon, and saw 2 of its levels.

You collected 85 gold pieces.

Inventory:

Hand Weapons
 a - a +0 trident (weapon)
Missiles
 d - 3 throwing nets (quivered)
Armour
 b - a +0 leather armour (melded)
 c - a +0 helmet (melded)
Jewellery
 n - a cursed ring of teleportation (left branch)
Scrolls
 e - a scroll of noise {unknown}
 g - a scroll of random uselessness {unknown}
 h - a scroll of identify {unknown}
 i - a scroll of remove curse {unknown}
 p - a scroll of fog {unknown}
Potions
 k - a potion of berserk rage {unknown}
 l - a potion of mutation {unknown}
 m - a potion of cancellation {unknown}
 o - a potion of lignification
Comestibles
 f - 7 rations


   Skills:
 - Level 1.7 Fighting
 + Level 5.1 Polearms
 - Level 1.7 Throwing
 - Level 2.6 Dodging


You had 3 spell levels left.
You didn't know any spells.
Your spell library was empty.

Dungeon Overview and Level Annotations

Branches:
Dungeon (2/15)

Annotations:
D:2 Crazy Yiuf


Innate Abilities, Weirdness & Mutations

You have an increased reservoir of magic. (+10% MP)


Message History

Crazy Yiuf is heavily wounded.
Crazy Yiuf hits you but does no damage.
Unknown command.
Unknown command.
Unknown command.
Unknown command.
You feel sick.
It was a potion of lignification.
You turn into a tree.
Your +0 helmet melds into your body.
Your +0 leather armour melds into your body.
Your roots penetrate the ground.
Crazy Yiuf hits you with a +4 quarterstaff of chaos.
* * * LOW HITPOINT WARNING * * *
Crazy Yiuf freezes you.
* * * LOW HITPOINT WARNING * * *
It was a potion of flight.
Your roots keep you in place.
* * * LOW HITPOINT WARNING * * *
You feel sick.
Crazy Yiuf hits you with a +4 quarterstaff of chaos.
You die...

##.#.#
##..........#### #
######.####
#....####......####
###.....## #....#
#.........#
....####.####
♣....♣ #.#....##.#
##### ##.#.# ♣...♣♣
####.##.... # ##..#
♣♣.♣♣ ##...#.# #
#..# ♣.♣♣
####....#.# # #..#
♣♣.♣ #.#.#..##.# #
#..# ♣♣♣♣
##.##..##.# # #..#
♣♣g♣ #.##...... #
####..# #'#
#........#
#######.....# ...
#####.####
............# #...#
######.#
.######.##### #..)#
#......# .#### #.#
##### #####..####
....# #.# #......
###.# #.# ######
#.#####


You could see Crazy Yiuf.

Vanquished Creatures
  4 adders (D:2)
  A gnoll (D:2)
  An ooze (D:2)
  2 worms (D:2)
  2 dart slugs (D:2)
  2 leopard geckos
  A ball python (D:2)
  A giant cockroach (D:2)
  8 goblins
  8 hobgoblins
  6 kobolds
  A quokka (D:2)
  7 bats
  9 frilled lizards
  11 rats
64 creatures vanquished.

Notes
Turn   | Place    | Note
-------+----------+-------------------------------------------
     0 | D:1      | Johnny the Demigod Gladiator began the quest for the Orb.
     0 | D:1      | Reached XP level 1. HP: 17/17 MP: 3/3
    73 | D:1      | Reached skill level 3 in Polearms
   135 | D:1      | Reached XP level 2. HP: 18/24 MP: 4/4
   583 | D:2      | Reached XP level 3. HP: 28/29 MP: 5/5
   592 | D:2      | Reached skill level 4 in Polearms
  1050 | D:2      | Reached XP level 4. HP: 24/36 MP: 6/6
  1168 | D:2      | Found a runed translucent door.
  1169 | D:2      | Noticed Crazy Yiuf
  1423 | D:2      | Reached skill level 5 in Polearms
  1618 | D:2      | HP: 2/54 [poisoned by Crazy Yiuf]
  1618 | D:2      | Slain by Crazy Yiuf

Levels and vault maps discovered:
D:1:      sevenhm_arrival_forest_fort_large_2, layout_basic
D:2:      minmay_angry_zag, layout_loops_ring, nrook_campfire,
          uniq_crazy_yiuf_cottage

Skill      XL: |  1  2  3  4 |
---------------+-------------+-----
Polearms       | 3 4 5 |  5.1
Fighting       | |  1.7
Throwing       | |  1.7
Dodging        | |  2.6

Action                   |  1- 3 |  4- 6 || total
-------------------------+-------+-------++-------
Melee: Trident           |   140 |    54 ||   194
  Use: Potion            |       |     2 ||     2
 Stab: Sleeping          |     3 |     2 ||     5
  Eat: Chunk             |       |     2 ||     2
Armor: Leather armour    |    24 |     9 ||    33
Dodge: Dodged            |    76 |    32 ||   108
